 Dungeon Crawl Stone Soup version 0.30-a0-1016-gfb0d676c02 (webtiles) character file.

Game seed: 10352460324943366261

9772 GigaChad the Cleaver (level 11, -5/87 HPs)
             Began as a Formicid Fighter on Apr 6, 2023.
             Was a High Priest of Okawaru.
             Slain by Snorg (9 damage)
             ... on level 10 of the Dungeon.
             The game lasted 00:15:20 (9751 turns).

GigaChad the Cleaver (Formicid Fighter)             Turns: 9751, Time: 00:15:20

Health: -5/87      AC: 14    Str: 31    XL:     11   Next: 80%
Magic:  20/20      EV:  7    Int:  8    God:    Okawaru [*****.]
Gold:   554        SH: 11    Dex: 14    Spells: 10/10 levels left

rFire   . . .      SeeInvis +    v - +6 broad axe "Axtoceklo" {freeze, rPois MP+9 Dex-2}
rCold   . . .      Faith    .    r - +0 kite shield of Arill {Dex+3}
rNeg    . . .      Spirit   .    J - +0 plate armour
rPois   +          Reflect  .    (helmet unavailable)
rElec   .          Rampage  .    (no cloak)
rCorr   .                        (no gloves)
Will    +....                    (no boots) Stlth
                                 (no amulet)
HPRegen 0.34/turn                e - +6 ring of strength
MPRegen 0.17/turn                (no ring)

@: no status effects
A: permanent stasis, dig shafts and tunnels, antennae 3, four strong arms
a: Dig, Shaft Self, Renounce Religion, Heroism, Finesse, Duel


You were on level 10 of the Dungeon.
You worshipped Okawaru.
Okawaru was extremely pleased with you.
You visited 2 branches of the dungeon, and saw 10 of its levels.

You collected 554 gold pieces.

Inventory:

Hand Weapons
 a - a +1 war axe
 v - the +6 broad axe "Axtoceklo" (weapon) {freeze, rPois MP+9 Dex-2}
   (You acquired it on level 5 of the Dungeon)

   Dex:       It affects your dexterity (-2).
   rPois:     It protects you from poison.
   MP:        It affects your magic capacity (+9).
 y - a +4 battleaxe
 H - the +5 long sword of the Enchanted Forest {freeze, rPois rF- Dex+7}
   (You found it on level 8 of the Dungeon)

   Dex:       It affects your dexterity (+7).
   rF:        It makes you vulnerable to fire.
   rPois:     It protects you from poison.
 K - a +0 demon whip of venom
Missiles
 q - 2 throwing nets
Armour
 b - a +0 scale mail
 c - a +0 buckler
 k - a +0 kite shield
 r - the +0 kite shield of Arill (worn) {Dex+3}
   (You acquired it on level 5 of the Dungeon)

   Dex:       It affects your dexterity (+3).
 G - a +0 chain mail
 J - a +0 plate armour (worn)
Jewellery
 e - a +6 ring of strength (left hand)
 p - a ring of magical power
 s - a ring of positive energy
 C - a ring of flight
 F - an amulet of faith
Wands
 t - a wand of mindburst (21)
 u - a wand of paralysis (15)
 A - a wand of flame (25)
 E - a wand of digging (6)
Scrolls
 f - 2 scrolls of fear
 g - a scroll of butterflies
 m - 3 scrolls of fog
 o - 2 scrolls of identify
 w - a scroll of poison
 x - a scroll of noise
 z - 2 scrolls of immolation
 B - 4 scrolls of amnesia
 I - 4 scrolls of blinking
Potions
 d - 2 potions of might
 h - 3 potions of degeneration
 i - 3 potions of lignification {unknown}
 j - 3 potions of curing
 l - a potion of flight {unknown}
 n - a potion of brilliance {unknown}
 D - 2 potions of heal wounds {unknown}


   Skills:
 + Level 8.6 Fighting
 + Level 12.4 Axes
 + Level 9.9 Armour
 - Level 0.2 Dodging
 + Level 9.5 Shields


You had 10 spell levels left.
You didn't know any spells.
Your spell library contained the following spells:

 Spells                   Type           Power      Damage    Failure   Level
 Kiss of Death            Conj/Necr      0%         2d5       99%         1
 Magic Dart               Conj           0%         1d3       99%         1
 Slow                     Hex            0%         N/A       99%         1
 Cigotuvi's Dreadful Rot  Necr/Pois/Air  0%         N/A       100%        2
 Searing Ray              Conj           0%         2d4       100%        2
 Confusing Touch          Hex            0%         N/A       100%        3
 Hailstorm                Conj/Ice       0%         3d3       100%        3
 Ignite Poison            Fire/Tmut/Pois 0%         N/A       100%        3
 Portal Projectile        Hex/Tloc       0%         N/A       100%        3
 Vampiric Draining        Necr           0%         2d6       100%        3
 Dispel Undead            Necr           0%         3d6       100%        4
 Fulminant Prism          Conj/Hex       0%         3d5       100%        4
 Ice Form                 Ice/Tmut       0%         N/A       100%        4
 Leda's Liquefaction      Hex/Erth       0%         N/A       100%        4
 Manifold Assault         Tloc           0%         N/A       100%        4
 Freezing Cloud           Conj/Ice/Air   0%         6-21      100%        5
 Storm Form               Tmut/Air       0%         N/A       100%        7
 Blink                    Tloc           Unusable   N/A       N/A         2
 Call Canine Familiar     Summ           Unusable   N/A       N/A         3
 Simulacrum               Ice/Necr       Unusable   N/A       N/A         6

Dungeon Overview and Level Annotations

Branches:
Dungeon (10/15)            Temple (1/1) D:5            Lair (0/5) D:8
    Orc (0/2) D:9

Altars:
Ashenzari
Cheibriados
Dithmenos
Elyvilon
Fedhas
Gozag
Hepliaklqana
Kikubaaqudgha
Makhleb
Nemelex Xobeh
Okawaru
Qazlal
Ru
Sif Muna
Trog
Uskayaw
Vehumet
Wu Jian
Xom
Yredelemnul
Zin
The Shining One

Shops:
D:1 [   D:7 [

Annotations:
D:2 1 runed translucent door, Crazy Yiuf, Jessica
D:8 1 transporter
D:10 3 runed translucent doors, Snorg


Innate Abilities, Weirdness & Mutations

You cannot be hasted, slowed, berserked, paralysed or teleported.
You can dig through walls and to a lower floor.
You have a pair of large antennae on your head. (SInv)
Your four strong arms can wield two-handed weapons with a shield.


Message History

The arrow hits the yak!
The yak dies!
The yak gores you but does no damage. You block the centaur's attack. x2
Snorg bites you!! Snorg barely misses you. Snorg claws you but does no damage.
You are too injured to fight recklessly!
Unknown command.
You are too injured to fight recklessly!
Unknown command.
You are too injured to fight recklessly!
Unknown command.
You are too injured to fight recklessly!
Unknown command.
You are too injured to fight recklessly!
Unknown command.
You are too injured to fight recklessly!
Unknown command.
You hit Snorg. You freeze Snorg.
Snorg is lightly wounded.
You slash the yak! You freeze the yak. You slash the centaur!
You freeze the centaur.
You kill the centaur!
Okawaru accepts your kill.
You slash the yak! You freeze the yak. You hit the yak. You freeze the yak.
Snorg bites you!!
* * * LOW HITPOINT WARNING * * *
You block Snorg's attack. Snorg closely misses you. The yak gores you!
* * * LOW HITPOINT WARNING * * *
The yak gores you but does no damage.
You slice Snorg!! You freeze Snorg!
Snorg is moderately wounded.
You slash the yak! You freeze the yak. You slash the yak! You freeze the yak.
You kill the yak!
Okawaru accepts your kill.
You hit the yak. You freeze the yak. You block Snorg's attack.
Snorg claws you but does no damage. x2; The yak gores you.
* * * LOW HITPOINT WARNING * * *
The yak gores you.
* * * LOW HITPOINT WARNING * * *
You block Snorg's attack. Snorg claws you but does no damage. Snorg claws you!
You die...

..... #.. . #.#.
.. .. .# .... #.#
#.###.# .##.
..#...... #.
#..#.?.# ##
#.Y.#..##.
#.cY.#.... ..
#Y@T..#.. ...
#..##..# ..# ..
#..##..##..##.#
#.....#..#....#
##...#....#...#
#..#..##..#..##
#.#...##...#..# #
##...(......#.####
#####........##..


You could see Snorg (berserk), 3 yaks and a centaur.

Vanquished Creatures
  Josephine (D:10)
  A two-headed ogre (D:10)
  Amaemon (D:10)
  The ghost of patfeehan111222 the Cleaver, a novice MiBe of Trog (D:6)
  An orange demon (D:10)
  A gargoyle (D:10)
  A troll (shapeshifter) (D:10)
  A hornet (D:8)
  2 shadows
  4 wraiths
  2 wyverns
  6 yaks (D:10)
  2 acid dragons (D:10)
  A black bear (D:4)
  An ice beast (D:7)
  2 sky beasts (D:7)
  3 orc warriors
  2 ogres
  4 centaurs
  2 phantoms (D:9)
  Blork the orc (D:4)
  4 bullfrogs
  2 kobold brigands (D:9)
  A gnoll sergeant (D:7)
  2 scorpions (D:6)
  18 wights
  2 troll zombies (D:9)
  7 killer bees
  A howler monkey (D:4)
  A quasit (D:5)
  2 jellies
  6 orc priests
  2 sleepcaps
  5 iguanas
  9 orc wizards
  4 ogre zombies (D:9)
  7 gnolls
  8 adders
  A shadow imp (D:8)
  A white imp (D:5)
  An ufetubus (D:7)
  2 worms (D:6)
  A dart slug (D:1)
  16 orcs
  8 ball pythons
  8 endoplasms
  A giant cockroach (D:6)
  A hobgoblin (D:1)
  7 jackals
  13 kobolds
  3 quokkas
  4 bats
  3 frilled lizards (D:1)
  4 goblins
  2 goblin zombies (D:9)
  A hobgoblin skeleton (D:9)
  4 hobgoblin zombies
  A kobold skeleton (D:5)
  A kobold zombie (D:5)
  3 orc skeletons (D:9)
  11 orc zombies (D:9)
  3 rats
221 creatures vanquished.

Vanquished Creatures (others)
  A yak (D:10)
  A fungus (D:8)
  13 plants
15 creatures vanquished.

Grand Total: 236 creatures vanquished

Notes
Turn   | Place    | Note
-------+----------+-------------------------------------------
     0 | D:1      | GigaChad the Formicid Fighter began the quest for the Orb.
     0 | D:1      | Reached XP level 1. HP: 18/18 MP: 1/1
    76 | D:1      | Found a faded altar of an unknown god.
   129 | D:1      | Reached XP level 2. HP: 24/24 MP: 2/2
   224 | D:1      | Found Huege's Antique Armour Shoppe.
   254 | D:1      | Reached XP level 3. HP: 24/30 MP: 3/3
   756 | D:2      | Reached XP level 4. HP: 16/37 MP: 4/4
  1187 | D:2      | Found a runed translucent door.
  1187 | D:2      | Noticed Jessica
  1190 | D:2      | Noticed Crazy Yiuf
  1293 | D:2      | You fall into a shaft and drop 2 floors!
  1302 | D:4      | Noticed a black bear
  1311 | D:4      | Killed a black bear
  1312 | D:4      | Reached skill level 3 in Axes
  1312 | D:4      | Reached skill level 5 in Shields
  1312 | D:4      | Reached XP level 5. HP: 18/42 MP: 5/5
  1424 | D:4      | Reached XP level 6. HP: 37/48 MP: 6/6
  1468 | D:4      | Noticed Blork the orc
  1485 | D:4      | Killed Blork the orc
  1486 | D:4      | Reached skill level 4 in Axes
  2277 | D:5      | Entered Level 5 of the Dungeon
  2291 | D:5      | Reached XP level 7. HP: 34/55 MP: 7/7
  2395 | D:5      | Reached skill level 5 in Armour
  2480 | D:5      | Reached skill level 5 in Axes
  2618 | D:5      | Found a glowing golden altar of the Shining One.
  2987 | D:5      | Found a staircase to the Ecumenical Temple.
  3013 | D:5      | Reached XP level 8. HP: 59/61 MP: 8/8
  3038 | D:5      | Reached skill level 5 in Fighting
  3074 | D:5      | Identified 2 scrolls of acquirement
  3074 | D:5      | Acquired the +0 kite shield of Arill {Dex+3}
  3086 | D:5      | Acquired the +6 broad axe "Axtoceklo" {freeze, rPois MP+9
                  | Dex-2}
  3231 | Temple   | Entered the Ecumenical Temple
  3306 | Temple   | Became a worshipper of Warmaster Okawaru
  3467 | D:6      | Reached skill level 6 in Axes
  3708 | D:6      | Reached * piety under Okawaru
  3767 | D:6      | Found an ancient bone altar of Kikubaaqudgha.
  3797 | D:6      | Found a shadowy altar of Dithmenos.
  4529 | D:6      | Found a runed translucent door.
  4535 | D:6      | Noticed patfeehan111222's ghost (novice MiBe)
  4598 | D:6      | Reached skill level 7 in Axes
  4659 | D:6      | Reached XP level 9. HP: 60/68 MP: 9/9
  4667 | D:6      | Found an opulent altar of Gozag.
  4667 | D:6      | Found a sacrificial altar of Ru.
  4690 | D:6      | Found a basalt altar of Yredelemnul.
  4697 | D:6      | Found a stormy altar of Qazlal.
  4702 | D:6      | Found a sparkling altar of Nemelex Xobeh.
  4731 | D:6      | Found a runed translucent door.
  4855 | D:6      | Killed patfeehan111222's ghost
  4856 | D:6      | Reached skill level 8 in Axes
  5852 | D:7      | Reached ** piety under Okawaru
  5974 | D:7      | Found Syagg's Antique Armour Shop.
  6260 | D:7      | Reached skill level 9 in Axes
  6263 | D:7      | Reached XP level 10. HP: 67/77 MP: 10/10
  6864 | D:8      | Found a staircase to the Lair.
  6960 | D:8      | Found a snail-covered altar of Cheibriados.
  6984 | D:8      | Identified the +5 long sword of the Enchanted Forest
                  | {freeze, rPois rF- Dex+7}
  7141 | D:8      | Found a flagged portal.
  7161 | D:8      | Reached *** piety under Okawaru
  7622 | D:8      | Found a transporter.
  8027 | D:9      | Reached skill level 10 in Axes
  8077 | D:9      | Reached **** piety under Okawaru
  8093 | D:9      | Found a staircase to the Orcish Mines.
  8560 | D:9      | Reached XP level 11. HP: 80/84 MP: 11/11
  8761 | D:10     | Entered Level 10 of the Dungeon
  8782 | D:10     | Reached skill level 11 in Axes
  8995 | D:10     | Noticed Josephine
  9003 | D:10     | Reached ***** piety under Okawaru
  9004 | D:10     | Killed Josephine
  9011 | D:10     | Reached skill level 12 in Axes
  9599 | D:10     | Noticed Amaemon
  9611 | D:10     | Killed Amaemon
  9731 | D:10     | Found a runed translucent gate.
  9731 | D:10     | Found a runed translucent gate.
  9731 | D:10     | Found a runed translucent gate.
  9731 | D:10     | Noticed a cyan ugly thing
  9731 | D:10     | Noticed a cyan ugly thing
  9741 | D:10     | Noticed a two-headed ogre
  9743 | D:10     | Noticed Snorg
  9747 | D:10     | Killed a two-headed ogre
  9747 | D:10     | Identified the +3 broad axe "Heakket" {heavy, *Noise Str+4}
                  | (Okawaru gifted it to you on level 10 of the Dungeon)
  9747 | D:10     | Received a gift from Okawaru
  9751 | D:10     | HP: 4/87 [yak (4)]
  9751 | D:10     | Slain by Snorg

Illustrated notes

Levels and vault maps discovered:
D:1:      roderic_crop_circles_arrival_large, layout_basic,
          dreamdust_ecumenical_altar_grove, serial_shops, shop, st_stairs_6
D:2:      layout_loops_ring, uniq_crazy_yiuf_cottage, uniq_jessica
D:4:      layout_basic, kennysheep_minor_cross, chequers_serial_rivers_large_b,
          uniq_blork_the_orc
D:5:      layout_gridville, nicolae_tso_besieged_by_evil, temple_green,
          serial_park_tiny_1, chequers_serial_rivers_marsh
D:6:      layout_basic, mainiacjoe_overflow_24_doors,
          minmay_overflow_temple_star_hex, mainiacjoe_overflow_boulevard,
          ebering_ghost_sewer_f, dreamdust_princess_bridge
D:7:      layout_basic, serial_shops, shop
D:8:      layout_loops_cross, lemuel_crystal_altar, dpeg_oklobed_lair,
          enter_bailey_8, nicolae_diode_basic
D:9:      layout_small_grid, zombieorc1_lemuel
D:10:     layout_rooms, ploomutoo_gammafunk_ghost_potion_laboratory,
          minivault_26, minmay_misc_feat_tower, uniq_josephine, uniq_snorg,
          uniq_amaemon
Temple:   dshaligram_water_room_temple

Skill      XL: |  1  2  3  4  5  6  7  8  9 10 11 |
---------------+----------------------------------+-----
Armour         | 4 5 6 7 9 |  9.9
Fighting       | 4 5 6 7 8 |  8.6
Axes           | 3 4 5 7 9 10 12 | 12.4
Shields        | 5 6 7 8 9 |  9.5
Dodging        | |  0.2

Action                     |  1- 3 |  4- 6 |  7- 9 | 10-12 || total
---------------------------+-------+-------+-------+-------++-------
  Melee: War axe           |    70 |   120 |    61 |       ||   251
         Broad axe         |       |       |   115 |   197 ||   312
Ability: Dig               |       |       |     1 |       ||     1
    Use: Scroll            |       |     7 |     4 |     4 ||    15
 Armour: Scale mail        |    38 |    54 |    55 |       ||   147
         Chain mail        |       |       |     5 |    49 ||    54
         Plate armour      |       |       |       |    51 ||    51
  Dodge: Dodged            |    19 |    50 |    72 |    86 ||   227
  Block: Buckler           |    16 |       |       |       ||    16
         Kite shield       |    11 |    65 |    97 |   141 ||   314

Table legend: (Time is in decaauts)
 A = Elapsed time spent in this place.
 B = Non-inter-level travel time spent in this place.
 C = Inter-level travel time spent in this place.
 D = Time resting spent in this place.
 E = Time spent auto-exploring this place.
 F = Levels seen in this place.
 G = Mean time per level.
                   A        B        C        D        E       F      G
               +--------+--------+--------+--------+--------+-----+--------+
         Total |   9966 |   9665 |    301 |    932 |   6745 |  10 |  996.6 |
       Dungeon |   9852 |   9551 |    301 |    932 |   6685 |   9 | 1094.7 |
        Temple |    113 |    113 |      0 |      0 |     60 |   1 |  113.0 |
               +--------+--------+--------+--------+--------+-----+--------+

Top non-repeatable levels by time:
     D:7: 1810 daAuts
     D:6: 1716 daAuts
     D:8: 1086 daAuts
     D:4: 1038 daAuts
     D:5: 997 daAuts
    D:10: 996 daAuts
     D:9: 858 daAuts
     D:1: 760 daAuts
     D:2: 589 daAuts
  Temple: 113 daAuts
